 Dungeon Sprint DCSS version 0.23-a0-180-ga5275e7 (webtiles) character file.

94 Fang the Skirmisher (level 4, -4/32 HPs)
             Began as a Gargoyle Berserker on Sept 18, 2018.
             Was a Priest of Trog.
             Slain by a phantom (6 damage)
             ... in the Dungeon (Sprint IX: "|||||||||||||||||||||||||||||").
             The game lasted 00:00:21 (99 turns).

Fang the Skirmisher (Gargoyle Berserker)              Turns: 99, Time: 00:00:22

Health: -4/32      AC:  5    Str: 21    XL:     4   Next: 63%
Magic:  4/4        EV: 13    Int:  8    God:    Trog [***...]
Gold:   0          SH:  0    Dex:  9    Spells: 3/3 levels left

rFire    . . .     SeeInvis .   a - +0 hand axe
rCold    . . .     Gourm    .   (no shield)
rNeg     + . .     Faith    .   b - +0 animal skin
rPois    ∞         Spirit   .   (no helmet)
rElec    +         Reflect  .   (no cloak)
rCorr    .         Harm     .   (no gloves)
MR       .....     NoTele   +   (no boots)
Stlth    +.........             (no amulet)
HPRegen  0.10/turn              (no ring)
MPRegen  0.09/turn              (no ring)

@: berserk cooldown, slowed, very slow
A: negative energy resistance 1, electricity resistance, unbreathing,
petrification resistance, rot immunity, AC +3
a: Berserk, Trog's Hand, Renounce Religion


You were in the Dungeon.
You worshipped Trog.
Trog was most pleased with you.
You were not hungry.

You visited 1 branch

Inventory:

Hand Weapons
 a - a +0 hand axe (weapon)
Armour
 b - a +0 animal skin (worn)
Scrolls
 i - a scroll of blinking
Potions
 d - a potion of curing
 e - a potion of heal wounds
 f - a potion of haste
 g - 2 potions of magic
 h - a potion of berserk rage
Comestibles
 c - a ration


   Skills:
 + Level 6.2 Fighting
 + Level 5.9 Axes
 + Level 3.6 Armour
 + Level 3.2 Dodging


You had 3 spell levels left.
You didn't know any spells.
Your spell library was empty.

Dungeon Overview and Level Annotations

Branches:
Dungeon (1/1)

Altars:


Innate Abilities, Weirdness & Mutations

You are resistant to torment.
Your stone body is resilient. (AC +3)
You are immune to poison.
You resist negative energy. (rN+)
You are resistant to electric shocks. (rElec)
You can survive without breathing.
You are immune to petrification.
You are immune to rotting.


Message History

a shortbow; 21 arrows; a centaur corpse You hit the phantom but do no damage.
The phantom is moderately damaged.
The phantom blinks!
The crimson imp hits you but does no damage.
There is an open door here.
You slash the crimson imp!
The crimson imp is heavily wounded.
You closely miss the phantom. The phantom hits you!
* * * LOW HITPOINT WARNING * * *
The phantom blinks!
The crimson imp hits you but does no damage.
You closely miss the crimson imp.
The crimson imp is heavily wounded.
The crimson imp shouts, "Scamper away, thou twisted fen-sucked dewberry!"
The crimson imp hits you.
* * * LOW HITPOINT WARNING * * *
The phantom blinks!
The crimson imp blinks!
The phantom hits you.
You die...

▓▓▓
▓<▓
▓.▓
▓.▓
▓.▓
▓†▓
▓.▓
▓W▓
▓@▓
▓.▓
▓.▓
▓5▓
▓.▓
▓)▓
▓.▓
▓.▓
▓.▓


You could see a phantom and a crimson imp.

Vanquished Creatures
  A centaur (D)
  A shadow imp (D)
  An adder zombie (D)
  A giant cockroach (D)
  A bat (D)
  A frilled lizard (D)
  2 rats (D)
8 creatures vanquished.

Notes
Turn   | Place    | Note
-------+----------+-------------------------------------------
     0 | D        | Fang the Gargoyle Berserker began the quest for the Orb.
     0 | D        | Reached XP level 1. HP: 14/14 MP: 1/1
    10 | D        | Reached ** piety under Trog
    67 | D        | Noticed a phantom
    67 | D        | Noticed a centaur
    67 | D        | Noticed a crimson imp
    79 | D        | Reached skill level 4 in Fighting
    79 | D        | Reached XP level 2. HP: 20/20 MP: 2/2
    83 | D        | Killed a centaur
    83 | D        | Reached *** piety under Trog
    83 | D        | Reached skill level 6 in Fighting
    83 | D        | Reached skill level 5 in Axes
    83 | D        | Reached XP level 3. HP: 19/27 MP: 3/3
    83 | D        | Reached XP level 4. HP: 22/32 MP: 4/4
    96 | D        | HP: 1/32 [crimson imp (1)]
    99 | D        | Slain by a phantom

Vault maps used:
D:        linesprint

Skill      XL: |  1  2 |
---------------+-------+-----
Axes           | 3 5 |  5.9
Fighting       | 4 6 |  6.2
Dodging        | 2 3 |  3.2
Armour         | 3 |  3.6

Action                   |  1- 3 |  4- 6 || total
-------------------------+-------+-------++-------
Melee: Hand axe          |    32 |    10 ||    42
Invok: Berserk           |     1 |       ||     1
Armor: Animal skin       |     9 |     5 ||    14
Dodge: Dodged            |    25 |    10 ||    35

Table legend:
 A = Non-vault XP
 B = Vault XP
 C = Vault XP percentage of total XP
 D = Non-vault monster count
 E = Vault monster count
 F = Vault count percentage of total count
                 A         B        C        D         E       F
            +---------+---------+-------+---------+---------+-------
      Total |       0 |     135 | 100.0 |       0 |       8 | 100.0
            +---------+---------+-------+---------+---------+-------
          D |       0 |     135 | 100.0 |       0 |       8 | 100.0
            +---------+---------+-------+---------+---------+-------
